Devils vs Blackhawks
Created - June 3, 2022 at 23:23
Goals
|
Devils |
0 |
2 |
3 |
5 |
Blackhawks |
0 |
0 |
1 |
1 |
|
Shots
|
Devils |
11 |
16 |
17 |
44 |
Blackhawks |
9 |
10 |
6 |
25 |
|
1st period
No Goal
Penalties :
No Penalty
2nd period
1. Devils , Aleksander Barkov 12 (Jonathan Huberdeau 26) at 3:55
2. Devils , Jonathan Huberdeau 24 (Marek Svatos 16, Aleksander Barkov 28) at 9:06
Penalties :
Jamie McBain (Chi) for Hooking (Minor) at 17:45
3rd period
3. Blackhawks , James Wright 15 (Calvin de Haan 20, Jakob Silfverberg 27) at 2:46
4. Devils , Marek Svatos 15 (Matt Donovan 19, Jonathan Huberdeau 27) at 8:14
5. Devils , Marek Svatos 16 (Aleksander Barkov 29, Thomas Hickey 13) at 13:23 (PP)
6. Devils , Eric Tangradi 11 (Anton Lander 11, Thomas Hickey 14) at 16:29
Penalties :
Nick Bonino (Chi) for Tripping (Minor) at 12:20, Radko Gudas (Chi) for Hooking (Minor) at 16:32
Goalie Stats
Maxime Daigneault (N.J), 24 saves from 25 shots - (0.960), W, 31-18-6, 60:00 minutes
Tuukka Rask (Chi), 39 saves from 44 shots - (0.886), L, 24-23-8, 60:00 minutes
Players Stats for Devils
Player Name G A P +/- PIM S H SB GA TA FO MP PP MP PK MP
------------------------------------------------------------------------------------
Aleksander Barkov 1 2 3 3 0 2 0 2 1 0 9/15 15:09 2:30 0:00
Anton Lander 0 1 1 1 0 3 1 0 0 1 1/2 9:42 0:00 0:00
Anton Stralman 0 0 0 -1 0 1 1 0 0 1 0/0 22:10 2:04 0:00
Brian McGrattan 0 0 0 -1 0 3 5 1 0 0 1/1 15:32 0:00 0:00
Chris Stewart 0 0 0 1 0 0 1 0 0 0 0/0 9:42 0:00 0:00
Eric Tangradi 1 0 1 1 0 5 1 0 1 0 0/0 9:42 0:00 0:00
Jamie Arniel 0 0 0 -1 0 2 0 1 1 0 5/14 15:32 0:00 0:00
Jonathan Huberdeau 1 2 3 3 0 2 0 0 0 0 0/1 15:09 2:30 0:00
Kristopher Letang 0 0 0 -1 0 0 2 1 0 2 0/0 23:10 2:57 0:00
Marek Svatos 2 1 3 3 0 4 2 1 0 1 0/2 15:09 2:30 0:00
Marian Gaborik 0 0 0 0 0 2 0 0 1 0 0/0 19:37 2:31 0:00
Mark Fistric 0 0 0 2 0 0 3 1 1 0 0/0 19:01 0:00 0:00
Matt Donovan 0 1 1 2 0 3 0 0 0 1 0/0 15:38 0:00 0:00
Michael Del Zotto 0 0 0 2 0 1 0 1 0 0 0/0 22:12 2:57 0:00
Nazem Kadri 0 0 0 0 0 5 1 0 0 0 12/27 19:37 2:31 0:00
Thomas Hickey 0 2 2 2 0 2 3 0 1 1 0/0 17:49 2:04 0:00
Tyler Ennis 0 0 0 0 0 6 0 0 0 0 0/0 19:37 2:31 0:00
Zach Parise 0 0 0 -1 0 3 0 1 0 0 1/3 15:32 0:00 0:00
Players Stats for Blackhawks
Player Name G A P +/- PIM S H SB GA TA FO MP PP MP PK MP
------------------------------------------------------------------------------------
Alexander Frolov 0 0 0 1 0 2 0 1 0 1 0/1 10:42 0:00 0:58
Antoine Roussel 0 0 0 -1 0 3 1 0 2 0 2/2 16:07 0:00 1:14
Blake Wheeler 0 0 0 1 0 0 0 0 0 0 0/0 9:36 0:00 0:00
Brett Maclean 0 0 0 -2 0 1 0 1 1 0 0/0 10:01 0:00 0:00
Calvin de Haan 0 1 1 -1 0 0 0 2 1 1 0/0 20:08 0:00 2:30
Colby Armstrong 0 0 0 -2 0 1 0 0 0 0 1/1 12:08 0:00 2:07
Corey Perry 0 0 0 -1 0 1 2 0 0 0 0/1 16:25 0:00 1:31
Derek Roy 0 0 0 -1 0 2 0 1 0 0 14/25 22:59 0:00 2:38
Jakob Silfverberg 0 1 1 -1 0 4 1 0 0 0 1/1 20:21 0:00 0:00
James Wright 1 0 1 1 0 4 1 0 0 0 4/7 11:17 0:00 1:34
Jamie McBain 0 0 0 -1 2 1 3 0 1 1 0/0 26:19 0:00 2:22
Johnny Gaudreau 0 0 0 -1 0 5 1 0 1 0 1/1 20:21 0:00 0:00
Jordan Staal 0 0 0 -1 0 0 2 0 0 0 12/22 14:53 0:00 0:00
Matthew Spiller 0 0 0 -1 0 0 0 1 0 1 0/0 14:15 0:00 0:51
Nick Bonino 0 0 0 -2 2 1 0 0 1 1 1/4 10:00 0:00 0:00
Radko Gudas 0 0 0 -1 2 0 2 0 0 0 0/0 26:18 0:00 2:15
Raphael Diaz 0 0 0 -1 0 0 0 2 0 1 0/0 18:14 0:00 0:36
Shane O'Brien 0 0 0 -1 0 0 0 0 0 0 0/0 14:52 0:00 1:28
3 Stars
1 - Marek Svatos (N.J)
2 - Aleksander Barkov (N.J)
3 - Jonathan Huberdeau (N.J)
Power Play
Devils - 1 on 3 Attempt(s) - 33.33%
Blackhawks - 0 on 0 Attempt(s) - 0.00%
Penalty Kill
Devils - 0 on 0 Attempt(s) - 0.00%
- Score 0 goal in Penalty Kill
Blackhawks - 2 on 3 Attempt(s) - 66.67%
- Score 0 goal in Penalty Kill
Team Stat
Devils - Hits : 20 - Faceoff Wins : 29 - Blocked Shots : 9 - Penalty Minutes : 0
Blackhawks - Hits : 13 - Faceoff Wins : 36 - Blocked Shots : 8 - Penalty Minutes : 6
Official
Referees : Pierre Lambert and Brian Pochmara
Linesman : Michel Cormier and Andrew Smith
Game Notes
No Game Note
Finance
Level 1 -- Attendance: 5458 (90.97%) -- Ticket Income $545,800
Level 2 -- Attendance: 5000 (100.00%) -- Ticket Income $300,000
Level 3 -- Attendance: 2000 (100.00%) -- Ticket Income $70,000
Level 4 -- Attendance: 3876 (96.90%) -- Ticket Income $96,900
Luxury Box -- Attendance: 872 (87.20%) -- Ticket Income $174,400
Game was played at the United Center.
Total Attendance: 17206 (95.59%)
Total Ticket Income: $1,187,100
Other Income: $178,065
Total Income: $1,365,165
Devils
5 vs 5 Forward
Center Left Wing Right Wing Time % Phy DF OF
1 Nazem Kadri Tyler Ennis Marian Gaborik 34 0 2 3
2 Jamie Arniel Zach Parise Brian McGrattan 30 0 3 2
3 Aleksander Barkov Jonathan Huberdeau Marek Svatos 26 0 2 3
4 Anton Lander Eric Tangradi Chris Stewart 10 0 2 3
5 vs 5 Defense
Defense Defense Time % Phy DF OF
1 Anton Stralman Kristopher Letang 38 0 3 2
2 Michael Del Zotto Mark Fistric 34 0 3 2
3 Matt Donovan Thomas Hickey 28 0 3 2
4 Anton Stralman Kristopher Letang 0 0 3 2
PowerPlay Forward
Center Left Wing Right Wing Time % Phy DF OF
1 Nazem Kadri Tyler Ennis Marian Gaborik 60 0 1 4
2 Aleksander Barkov Jonathan Huberdeau Marek Svatos 40 0 1 4
PowerPlay Defense
Defense Defense Time % Phy DF OF
1 Michael Del Zotto Kristopher Letang 60 0 2 3
2 Anton Stralman Thomas Hickey 40 0 2 3
Penalty Kill 4 Players Forward
Center Wing Time % Phy DF OF
1 Jamie Arniel Zach Parise 60 1 4 0
2 Anton Lander Brian McGrattan 40 1 4 0
Penalty Kill 4 Players Defense
Defense Defense Time % Phy DF OF
1 Anton Stralman Matt Donovan 60 1 4 0
2 Mark Fistric Michael Del Zotto 40 1 4 0
Penalty Kill - 3 Players Forward
Forward Time % Phy DF OF
1 Tyler Ennis 60 0 4 1
2 Jamie Arniel 40 0 4 1
Penalty Kill - 3 Players Defense
Defense Defense Time % Phy DF OF
1 Anton Stralman Kristopher Letang 60 1 4 0
2 Michael Del Zotto Mark Fistric 40 1 4 0
4 vs 4 Forward
Center Wing Time % Phy DF OF
1 Nazem Kadri Tyler Ennis 60 0 2 3
2 Jamie Arniel Zach Parise 40 0 2 3
4 vs 4 Defense
Defense Defense Time % Phy DF OF
1 Anton Stralman Kristopher Letang 60 0 3 2
2 Michael Del Zotto Mark Fistric 40 0 3 2
Last Minutes Offensive
Center Left Wing Right Wing Defense Defense
Nazem Kadri Tyler Ennis Marian Gaborik Michael Del Zotto Kristopher Letang
Last Minutes Defensive
Center Left Wing Right Wing Defense Defense
Jamie Arniel Zach Parise Brian McGrattan Anton Stralman Kristopher Letang
Goaltenders
Starting : Maxime Daigneault
Backup : Thomas McCollum
Extra Forwards
Normal : Jonathan Huberdeau, Zach Parise, Aleksander Barkov - PP : Zach Parise, Jamie Arniel - PK : Tyler Ennis
Extra Defensemen
Normal : Kristopher Letang, Matt Donovan, Mark Fistric - PP : Anton Stralman - PK : Kristopher Letang, Matt Donovan
Penalty Shots
Nazem Kadri, Tyler Ennis, Marian Gaborik, Aleksander Barkov, Jamie Arniel
Scratches
Miikka Salomaki (Healthy), Mike Weber (Healthy)
Blackhawks
5 vs 5 Forward
Center Left Wing Right Wing Time % Phy DF OF
1 Derek Roy Johnny Gaudreau Jakob Silfverberg 40 1 2 2
2 Jordan Staal Antoine Roussel Corey Perry 30 1 2 2
3 James Wright Alexander Frolov Blake Wheeler 20 1 2 2
4 Nick Bonino Brett Maclean Colby Armstrong 10 1 2 2
5 vs 5 Defense
Defense Defense Time % Phy DF OF
1 Jamie McBain Radko Gudas 40 1 2 2
2 Raphael Diaz Calvin de Haan 30 1 2 2
3 Shane O'Brien Matthew Spiller 20 1 2 2
4 Jamie McBain Radko Gudas 10 1 2 2
PowerPlay Forward
Center Left Wing Right Wing Time % Phy DF OF
1 Derek Roy Johnny Gaudreau Jakob Silfverberg 60 1 2 2
2 Jordan Staal Antoine Roussel Corey Perry 40 1 2 2
PowerPlay Defense
Defense Defense Time % Phy DF OF
1 Jamie McBain Radko Gudas 60 1 2 2
2 Raphael Diaz Calvin de Haan 40 1 2 2
Penalty Kill 4 Players Forward
Center Wing Time % Phy DF OF
1 Derek Roy Colby Armstrong 60 1 2 2
2 James Wright Antoine Roussel 40 1 2 2
Penalty Kill 4 Players Defense
Defense Defense Time % Phy DF OF
1 Jamie McBain Radko Gudas 60 1 2 2
2 Raphael Diaz Calvin de Haan 40 1 2 2
Penalty Kill - 3 Players Forward
Forward Time % Phy DF OF
1 Jordan Staal 60 1 2 2
2 Derek Roy 40 1 2 2
Penalty Kill - 3 Players Defense
Defense Defense Time % Phy DF OF
1 Jamie McBain Radko Gudas 60 1 2 2
2 Raphael Diaz Calvin de Haan 40 1 2 2
4 vs 4 Forward
Center Wing Time % Phy DF OF
1 Jordan Staal Johnny Gaudreau 60 1 2 2
2 Derek Roy Antoine Roussel 40 1 2 2
4 vs 4 Defense
Defense Defense Time % Phy DF OF
1 Jamie McBain Radko Gudas 60 1 2 2
2 Raphael Diaz Calvin de Haan 40 1 2 2
Last Minutes Offensive
Center Left Wing Right Wing Defense Defense
Jordan Staal Johnny Gaudreau Jakob Silfverberg Jamie McBain Radko Gudas
Last Minutes Defensive
Center Left Wing Right Wing Defense Defense
Jordan Staal Johnny Gaudreau Jakob Silfverberg Jamie McBain Radko Gudas
Goaltenders
Starting : Tuukka Rask
Backup : Josh Harding
Extra Forwards
Normal : James Wright, Nick Bonino, Alexander Frolov - PP : Alexander Frolov, Nick Bonino - PK : Corey Perry
Extra Defensemen
Normal : Calvin de Haan, Shane O'Brien, Matthew Spiller - PP : Calvin de Haan - PK : Calvin de Haan, Shane O'Brien
Penalty Shots
Johnny Gaudreau, Jakob Silfverberg, Antoine Roussel, Jordan Staal, Corey Perry
Scratches
Jay Bouwmeester (Healthy), Stefan Matteau (Healthy)
% Time on Ice - Devils
Lines # - Real PCT - Wanted PCT - Time Play
Normal Forward
1 - 31% - 34% - 17:06
2 - 28% - 30% - 15:35
3 - 23% - 26% - 12:36
4 - 18% - 10% - 9:42
Normal Defense
1 - 36% - 38% - 19:50
2 - 35% - 34% - 19:08
3 - 28% - 28% - 15:38
4 - 1% - 0% - 0:23
PP Forward
1 - 50% - 60% - 2:31
2 - 50% - 40% - 2:30
PP Defense
1 - 59% - 60% - 2:57
2 - 41% - 40% - 2:04
PK Forward
1 - 0% - 60%
2 - 0% - 40%
PK Defense
1 - 0% - 60%
2 - 0% - 40%
PK3 Forward
1 - 0% - 60%
2 - 0% - 40%
PK3 Defense
1 - 0% - 60%
2 - 0% - 40%
44 Forward
1 - 0% - 60%
2 - 0% - 40%
44 Defense
1 - 0% - 60%
2 - 0% - 40%
Last Minute Offensive - 0:00
Last Minute Defensive - 0:00
Total
Forward - 60:00
Defense - 60:00
|
% Time on Ice - Blackhawks
Lines # - Real PCT - Wanted PCT - Time Play
Normal Forward
1 - 37% - 40% - 20:29
2 - 27% - 30% - 14:53
3 - 17% - 20% - 9:36
4 - 18% - 10% - 10:01
Normal Defense
1 - 37% - 40% - 20:23
2 - 32% - 30% - 17:38
3 - 24% - 20% - 13:16
4 - 7% - 10% - 3:42
PP Forward
1 - 0% - 60%
2 - 0% - 40%
PP Defense
1 - 0% - 60%
2 - 0% - 40%
PK Forward
1 - 75% - 60% - 3:47
2 - 25% - 40% - 1:14
PK Defense
1 - 88% - 60% - 4:25
2 - 12% - 40% - 0:36
PK3 Forward
1 - 0% - 60%
2 - 0% - 40%
PK3 Defense
1 - 0% - 60%
2 - 0% - 40%
44 Forward
1 - 0% - 60%
2 - 0% - 40%
44 Defense
1 - 0% - 60%
2 - 0% - 40%
Last Minute Offensive - 0:00
Last Minute Defensive - 0:00
Total
Forward - 60:00
Defense - 60:00
|
Play-by-Play
1st period
0:01 of 1st period - Nazem Kadri wins face-off versus Derek Roy in neutral zone.
2:00 of 1st period - Snap shot by Zach Parise.
2:00 of 1st period - Stopped by Tuukka Rask with a rebound.
3:37 of 1st period - Wrist shot by Derek Roy.
3:37 of 1st period - Stopped by Maxime Daigneault with a rebound.
3:39 of 1st period - Snap shot by Shane O'Brien.
3:39 of 1st period - Shot Blocked by Jamie Arniel.
3:41 of 1st period - Slapshot by Matthew Spiller.
3:41 of 1st period - Deflect By Johnny Gaudreau.
3:41 of 1st period - Shot Misses the Net.
3:41 of 1st period - Puck is out of play.
3:42 of 1st period - Jordan Staal wins face-off versus Nazem Kadri in Devils zone.
3:43 of 1st period - Slapshot by Antoine Roussel.
3:43 of 1st period - Stopped by Maxime Daigneault without a rebound.
3:44 of 1st period - Nazem Kadri wins face-off versus Jordan Staal in Devils zone.
3:57 of 1st period - Snap shot by Tyler Ennis.
3:57 of 1st period - Shot Misses the Net.
3:59 of 1st period - Slapshot by Matt Donovan.
3:59 of 1st period - Deflect By Radko Gudas.
3:59 of 1st period - Stopped by Tuukka Rask without a rebound.
4:00 of 1st period - James Wright wins face-off versus Marek Svatos in Blackhawks zone.
5:35 of 1st period - Slapshot by Blake Wheeler.
5:35 of 1st period - Shot Misses the Net.
5:48 of 1st period - Icing by Anton Stralman.
5:49 of 1st period - Jordan Staal wins face-off versus Aleksander Barkov in Devils zone.
6:36 of 1st period - Slapshot by Tyler Ennis.
6:36 of 1st period - Shot Misses the Net.
6:38 of 1st period - Slapshot by Anton Stralman.
6:38 of 1st period - Deflect By Nazem Kadri.
6:38 of 1st period - Shot Misses the Net.
6:38 of 1st period - Puck is out of play.
6:39 of 1st period - James Wright wins face-off versus Nazem Kadri in Blackhawks zone.
7:00 of 1st period - Snap shot by Marian Gaborik.
7:00 of 1st period - Shot Misses the Net.
7:02 of 1st period - Wrist shot by Tyler Ennis.
7:02 of 1st period - Stopped by Tuukka Rask without a rebound.
7:03 of 1st period - Derek Roy wins face-off versus Jamie Arniel in Blackhawks zone.
7:03 of 1st period - Derek Roy is hit by Brian McGrattan.
7:13 of 1st period - Icing by Jamie McBain.
7:14 of 1st period - Jamie Arniel wins face-off versus Derek Roy in Blackhawks zone.
7:31 of 1st period - Snap shot by Johnny Gaudreau.
7:31 of 1st period - Stopped by Maxime Daigneault with a rebound.
7:33 of 1st period - Snap shot by Jakob Silfverberg.
7:33 of 1st period - Stopped by Maxime Daigneault without a rebound.
7:34 of 1st period - Nazem Kadri wins face-off versus Jordan Staal in Devils zone.
8:04 of 1st period - Icing by Jakob Silfverberg.
8:05 of 1st period - Brian McGrattan wins face-off versus Derek Roy in Blackhawks zone.
8:10 of 1st period - Backhand shot by Jamie Arniel.
8:10 of 1st period - Stopped by Tuukka Rask without a rebound.
8:11 of 1st period - Antoine Roussel wins face-off versus Aleksander Barkov in Blackhawks zone.
9:00 of 1st period - Snap shot by Brett Maclean.
9:00 of 1st period - Stopped by Maxime Daigneault without a rebound.
9:01 of 1st period - Nazem Kadri wins face-off versus Nick Bonino in Devils zone.
9:49 of 1st period - Off-side.
9:50 of 1st period - Jamie Arniel wins face-off versus Jordan Staal in neutral zone.
10:21 of 1st period - Slapshot by Alexander Frolov.
10:21 of 1st period - Shot Misses the Net.
10:25 of 1st period - Slapshot by Alexander Frolov.
10:25 of 1st period - Deflect By Blake Wheeler.
10:25 of 1st period - Shot Blocked by Mark Fistric.
10:25 of 1st period - Puck is out of play.
10:26 of 1st period - Aleksander Barkov wins face-off versus Derek Roy in Devils zone.
10:35 of 1st period - Snap shot by Johnny Gaudreau.
10:35 of 1st period - Shot Misses the Net.
10:37 of 1st period - Snap shot by Jakob Silfverberg.
10:37 of 1st period - Shot Blocked by Aleksander Barkov.
10:39 of 1st period - Wrist shot by Jakob Silfverberg.
10:39 of 1st period - Stopped by Maxime Daigneault with a rebound.
10:41 of 1st period - Wrist shot by Jakob Silfverberg.
10:41 of 1st period - Stopped by Maxime Daigneault without a rebound.
10:42 of 1st period - Jamie Arniel wins face-off versus Corey Perry in Devils zone.
10:49 of 1st period - Snap shot by Jordan Staal.
10:49 of 1st period - Shot Blocked by Kristopher Letang.
11:09 of 1st period - Kristopher Letang is hit by Jamie McBain and loses puck.
11:31 of 1st period - Icing by Jamie McBain.
11:32 of 1st period - Anton Lander wins face-off versus James Wright in Blackhawks zone.
11:33 of 1st period - Wrist shot by Eric Tangradi.
11:33 of 1st period - Stopped by Tuukka Rask with a rebound.
11:39 of 1st period - Slapshot by Anton Lander.
11:39 of 1st period - Shot Misses the Net.
11:41 of 1st period - Slapshot by Eric Tangradi.
11:41 of 1st period - Deflect By Anton Lander.
11:41 of 1st period - Shot Misses the Net.
11:41 of 1st period - Puck is out of play.
11:42 of 1st period - Derek Roy wins face-off versus Aleksander Barkov in Blackhawks zone.
11:57 of 1st period - Derek Roy is hit by Marek Svatos and loses puck.
12:10 of 1st period - Icing by Jamie Arniel.
12:11 of 1st period - Jordan Staal wins face-off versus Jamie Arniel in Devils zone.
12:38 of 1st period - Snap shot by Tyler Ennis.
12:38 of 1st period - Stopped by Tuukka Rask with a rebound.
13:20 of 1st period - Colby Armstrong is hit by Anton Lander.
13:28 of 1st period - Snap shot by Nick Bonino.
13:28 of 1st period - Stopped by Maxime Daigneault without a rebound.
13:29 of 1st period - Johnny Gaudreau wins face-off versus Nazem Kadri in Devils zone.
13:38 of 1st period - Wrist shot by Johnny Gaudreau.
13:38 of 1st period - Shot Misses the Net.
13:44 of 1st period - Backhand shot by Jakob Silfverberg.
13:44 of 1st period - Deflect By Johnny Gaudreau.
13:44 of 1st period - Stopped by Maxime Daigneault without a rebound.
13:45 of 1st period - Zach Parise wins face-off versus Jordan Staal in Devils zone.
13:45 of 1st period - Zach Parise is hit by Jamie McBain.
13:51 of 1st period - Corey Perry is hit by Mark Fistric and loses puck.
15:13 of 1st period - Off-side.
15:14 of 1st period - Antoine Roussel wins face-off versus Jamie Arniel in neutral zone.
15:24 of 1st period - Jordan Staal is hit by Brian McGrattan and loses puck.
15:37 of 1st period - Mark Fistric is hit by Antoine Roussel and loses puck.
15:51 of 1st period - Snap shot by Brian McGrattan.
15:51 of 1st period - Stopped by Tuukka Rask without a rebound.
15:52 of 1st period - Nazem Kadri wins face-off versus Derek Roy in Blackhawks zone.
15:55 of 1st period - Wrist shot by Tyler Ennis.
15:55 of 1st period - Deflect By Jakob Silfverberg.
15:55 of 1st period - Stopped by Tuukka Rask with a rebound.
15:57 of 1st period - Snap shot by Marian Gaborik.
15:57 of 1st period - Shot Misses the Net.
16:01 of 1st period - Wrist shot by Marian Gaborik.
16:01 of 1st period - Shot Misses the Net.
16:03 of 1st period - Slapshot by Tyler Ennis.
16:03 of 1st period - Stopped by Tuukka Rask with a rebound.
16:05 of 1st period - Slapshot by Thomas Hickey.
16:05 of 1st period - Stopped by Tuukka Rask without a rebound.
16:06 of 1st period - Derek Roy wins face-off versus Aleksander Barkov in Blackhawks zone.
16:36 of 1st period - Wrist shot by Alexander Frolov.
16:36 of 1st period - Shot Misses the Net.
16:52 of 1st period - Calvin de Haan is hit by Brian McGrattan and loses puck.
16:59 of 1st period - Wrist shot by Zach Parise.
16:59 of 1st period - Stopped by Tuukka Rask with a rebound.
17:22 of 1st period - Nick Bonino is hit by Eric Tangradi and loses puck.
18:01 of 1st period - Slapshot by Matt Donovan.
18:01 of 1st period - Shot Blocked by Alexander Frolov.
18:41 of 1st period - Wrist shot by Jonathan Huberdeau.
18:41 of 1st period - Shot Blocked by Matthew Spiller.
18:49 of 1st period - Snap shot by Marek Svatos.
18:49 of 1st period - Shot Misses the Net.
19:56 of 1st period - Derek Roy is hit by Mark Fistric and loses puck.
Goals for this period are 0 for Devils vs 0 for Blackhawks.
Shots for this period are 11 for Devils vs 9 for Blackhawks.
2nd period
0:01 of 2nd period - Jordan Staal wins face-off versus Jamie Arniel in neutral zone.
0:08 of 2nd period - Snap shot by Antoine Roussel.
0:08 of 2nd period - Shot Misses the Net.
0:28 of 2nd period - Wrist shot by Marian Gaborik.
0:28 of 2nd period - Stopped by Tuukka Rask without a rebound.
0:29 of 2nd period - Nazem Kadri wins face-off versus Derek Roy in Blackhawks zone.
0:30 of 2nd period - Wrist shot by Marian Gaborik.
0:30 of 2nd period - Shot Misses the Net.
1:16 of 2nd period - Anton Stralman is hit by Radko Gudas and loses puck.
1:42 of 2nd period - Marian Gaborik is hit by Johnny Gaudreau and loses puck.
2:40 of 2nd period - Snap shot by Tyler Ennis.
2:40 of 2nd period - Shot Blocked by Calvin de Haan.
2:46 of 2nd period - Backhand shot by Tyler Ennis.
2:46 of 2nd period - Stopped by Tuukka Rask without a rebound.
2:47 of 2nd period - Jordan Staal wins face-off versus Aleksander Barkov in Blackhawks zone.
2:57 of 2nd period - Snap shot by Matt Donovan.
2:57 of 2nd period - Stopped by Tuukka Rask with a rebound.
3:15 of 2nd period - Slapshot by Jamie McBain.
3:15 of 2nd period - Stopped by Maxime Daigneault with a rebound.
3:17 of 2nd period - Backhand shot by James Wright.
3:17 of 2nd period - Stopped by Maxime Daigneault with a rebound.
3:19 of 2nd period - Wrist shot by Alexander Frolov.
3:19 of 2nd period - Shot Blocked by Brian McGrattan.
3:41 of 2nd period - Wrist shot by Eric Tangradi.
3:41 of 2nd period - Stopped by Tuukka Rask without a rebound.
3:42 of 2nd period - Aleksander Barkov wins face-off versus Jordan Staal in Blackhawks zone.
3:45 of 2nd period - Snap shot by Michael Del Zotto.
3:45 of 2nd period - Stopped by Tuukka Rask without a rebound.
3:46 of 2nd period - Jordan Staal wins face-off versus Jonathan Huberdeau in Blackhawks zone.
3:55 of 2nd period - Backhand shot by Aleksander Barkov.
3:55 of 2nd period - Goal by Aleksander Barkov - Devils : 1 - Blackhawks : 0.
3:56 of 2nd period - Jordan Staal wins face-off versus Zach Parise in neutral zone.
5:47 of 2nd period - Snap shot by Jakob Silfverberg.
5:47 of 2nd period - Stopped by Maxime Daigneault with a rebound.
5:49 of 2nd period - Wrist shot by Johnny Gaudreau.
5:49 of 2nd period - Stopped by Maxime Daigneault without a rebound.
5:50 of 2nd period - Derek Roy wins face-off versus Jamie Arniel in Devils zone.
6:15 of 2nd period - Michael Del Zotto is hit by Corey Perry and loses puck.
6:20 of 2nd period - Wrist shot by Antoine Roussel.
6:20 of 2nd period - Stopped by Maxime Daigneault with a rebound.
6:26 of 2nd period - Snap shot by Corey Perry.
6:26 of 2nd period - Stopped by Maxime Daigneault without a rebound.
6:27 of 2nd period - James Wright wins face-off versus Zach Parise in Devils zone.
6:28 of 2nd period - Wrist shot by Alexander Frolov.
6:28 of 2nd period - Stopped by Maxime Daigneault without a rebound.
6:29 of 2nd period - Jamie Arniel wins face-off versus James Wright in Devils zone.
6:37 of 2nd period - Icing by Zach Parise.
6:38 of 2nd period - Jordan Staal wins face-off versus Jamie Arniel in Devils zone.
6:47 of 2nd period - Raphael Diaz is hit by Brian McGrattan and loses puck.
7:06 of 2nd period - Calvin de Haan is hit by Thomas Hickey.
7:37 of 2nd period - Icing by Radko Gudas.
7:38 of 2nd period - Nick Bonino wins face-off versus Aleksander Barkov in Blackhawks zone.
7:42 of 2nd period - Icing by Radko Gudas.
7:43 of 2nd period - Aleksander Barkov wins face-off versus Nick Bonino in Blackhawks zone.
8:52 of 2nd period - Slapshot by Michael Del Zotto.
8:52 of 2nd period - Shot Misses the Net.
8:54 of 2nd period - Wrist shot by Marek Svatos.
8:54 of 2nd period - Shot Misses the Net.
9:04 of 2nd period - Wrist shot by Marek Svatos.
9:04 of 2nd period - Stopped by Tuukka Rask with a rebound.
9:06 of 2nd period - Slapshot by Jonathan Huberdeau.
9:06 of 2nd period - Goal by Jonathan Huberdeau - Devils : 2 - Blackhawks : 0.
9:07 of 2nd period - Nazem Kadri wins face-off versus Jordan Staal in neutral zone.
10:13 of 2nd period - Snap shot by Anton Lander.
10:13 of 2nd period - Stopped by Tuukka Rask with a rebound.
11:37 of 2nd period - Snap shot by Jakob Silfverberg.
11:37 of 2nd period - Shot Blocked by Michael Del Zotto.
12:25 of 2nd period - Snap shot by Jakob Silfverberg.
12:25 of 2nd period - Shot Misses the Net.
12:27 of 2nd period - Slapshot by Calvin de Haan.
12:27 of 2nd period - Deflect By Antoine Roussel.
12:27 of 2nd period - Shot Misses the Net.
12:27 of 2nd period - Puck is out of play.
12:28 of 2nd period - Jordan Staal wins face-off versus Jamie Arniel in Devils zone.
12:47 of 2nd period - Radko Gudas is hit by Mark Fistric and loses puck.
12:58 of 2nd period - Wrist shot by Antoine Roussel.
12:58 of 2nd period - Shot Blocked by Zach Parise.
13:05 of 2nd period - Snap shot by Jamie Arniel.
13:05 of 2nd period - Stopped by Tuukka Rask without a rebound.
13:06 of 2nd period - Nazem Kadri wins face-off versus Alexander Frolov in Blackhawks zone.
13:22 of 2nd period - Snap shot by Tyler Ennis.
13:22 of 2nd period - Stopped by Tuukka Rask with a rebound.
13:59 of 2nd period - Johnny Gaudreau is hit by Thomas Hickey and loses puck.
14:14 of 2nd period - Chris Stewart is hit by Corey Perry and loses puck.
14:36 of 2nd period - Off-side.
14:37 of 2nd period - Derek Roy wins face-off versus Nazem Kadri in neutral zone.
15:08 of 2nd period - Snap shot by Antoine Roussel.
15:08 of 2nd period - Stopped by Maxime Daigneault without a rebound.
15:09 of 2nd period - Aleksander Barkov wins face-off versus Jordan Staal in Devils zone.
15:15 of 2nd period - Off-side.
15:16 of 2nd period - Derek Roy wins face-off versus Nazem Kadri in neutral zone.
15:23 of 2nd period - Wrist shot by Johnny Gaudreau.
15:23 of 2nd period - Shot Misses the Net.
16:24 of 2nd period - Calvin de Haan is hit by Kristopher Letang and loses puck.
16:51 of 2nd period - Wrist shot by Nazem Kadri.
16:51 of 2nd period - Stopped by Tuukka Rask without a rebound.
16:52 of 2nd period - Derek Roy wins face-off versus Nazem Kadri in Blackhawks zone.
16:57 of 2nd period - Jakob Silfverberg is hit by Nazem Kadri and loses puck.
17:09 of 2nd period - Off-side.
17:10 of 2nd period - Jamie Arniel wins face-off versus Jordan Staal in neutral zone.
17:21 of 2nd period - Wrist shot by Zach Parise.
17:21 of 2nd period - Stopped by Tuukka Rask without a rebound.
17:22 of 2nd period - Derek Roy wins face-off versus Nazem Kadri in Blackhawks zone.
17:27 of 2nd period - Wrist shot by Johnny Gaudreau.
17:27 of 2nd period - Stopped by Maxime Daigneault with a rebound.
17:37 of 2nd period - Wrist shot by Marian Gaborik.
17:37 of 2nd period - Stopped by Tuukka Rask with a rebound.
17:39 of 2nd period - Slapshot by Anton Stralman.
17:39 of 2nd period - Stopped by Tuukka Rask with a rebound.
17:45 of 2nd period - Minor Penalty to Jamie McBain for Hooking.
17:46 of 2nd period - Nazem Kadri wins face-off versus Derek Roy in Blackhawks zone.
17:47 of 2nd period - Wrist shot by Marian Gaborik.
17:47 of 2nd period - Shot Blocked by Derek Roy.
17:49 of 2nd period - Snap shot by Nazem Kadri.
17:49 of 2nd period - Stopped by Tuukka Rask without a rebound.
17:50 of 2nd period - Derek Roy wins face-off versus Nazem Kadri in Blackhawks zone.
17:57 of 2nd period - Snap shot by Calvin de Haan.
17:57 of 2nd period - Deflect By Derek Roy.
17:57 of 2nd period - Stopped by Maxime Daigneault with a rebound.
19:24 of 2nd period - Kristopher Letang is hit by James Wright and loses puck.
19:45 of 2nd period - Penalty to Jamie McBain is over, Jamie McBain is back on ice.
Goals for this period are 2 for Devils vs 0 for Blackhawks.
Shots for this period are 16 for Devils vs 10 for Blackhawks.
3rd period
0:01 of 3rd period - Derek Roy wins face-off versus Nazem Kadri in neutral zone.
0:31 of 3rd period - Kristopher Letang is hit by Jordan Staal and loses puck.
1:02 of 3rd period - Brian McGrattan is hit by Jamie McBain and loses puck.
1:25 of 3rd period - Slapshot by Johnny Gaudreau.
1:25 of 3rd period - Shot Misses the Net.
1:29 of 3rd period - Snap shot by Derek Roy.
1:29 of 3rd period - Shot Misses the Net.
1:43 of 3rd period - Wrist shot by Nazem Kadri.
1:43 of 3rd period - Stopped by Tuukka Rask without a rebound.
1:44 of 3rd period - Jordan Staal wins face-off versus Nazem Kadri in Blackhawks zone.
1:48 of 3rd period - Off-side.
1:49 of 3rd period - Aleksander Barkov wins face-off versus Jordan Staal in neutral zone.
2:18 of 3rd period - Wrist shot by Nazem Kadri.
2:18 of 3rd period - Stopped by Tuukka Rask with a rebound.
2:46 of 3rd period - Snap shot by James Wright.
2:46 of 3rd period - Goal by James Wright - Devils : 2 - Blackhawks : 1.
2:47 of 3rd period - Derek Roy wins face-off versus Nazem Kadri in neutral zone.
2:49 of 3rd period - Off-side.
2:50 of 3rd period - Nazem Kadri wins face-off versus Derek Roy in neutral zone.
3:43 of 3rd period - Slapshot by James Wright.
3:43 of 3rd period - Deflect By Kristopher Letang.
3:43 of 3rd period - Stopped by Maxime Daigneault with a rebound.
3:45 of 3rd period - Wrist shot by Alexander Frolov.
3:45 of 3rd period - Stopped by Maxime Daigneault with a rebound.
3:57 of 3rd period - Snap shot by James Wright.
3:57 of 3rd period - Stopped by Maxime Daigneault without a rebound.
3:58 of 3rd period - Jordan Staal wins face-off versus Jamie Arniel in Devils zone.
4:26 of 3rd period - Shane O'Brien is hit by Brian McGrattan and loses puck.
4:33 of 3rd period - Slapshot by Michael Del Zotto.
4:33 of 3rd period - Shot Misses the Net.
4:35 of 3rd period - Wrist shot by Zach Parise.
4:35 of 3rd period - Shot Misses the Net.
5:45 of 3rd period - Slapshot by Brian McGrattan.
5:45 of 3rd period - Shot Misses the Net.
5:47 of 3rd period - Snap shot by Jamie Arniel.
5:47 of 3rd period - Shot Misses the Net.
5:57 of 3rd period - Snap shot by Brian McGrattan.
5:57 of 3rd period - Stopped by Tuukka Rask with a rebound.
5:59 of 3rd period - Wrist shot by Mark Fistric.
5:59 of 3rd period - Shot Misses the Net.
6:01 of 3rd period - Slapshot by Mark Fistric.
6:01 of 3rd period - Shot Misses the Net.
6:03 of 3rd period - Slapshot by Brian McGrattan.
6:03 of 3rd period - Stopped by Tuukka Rask without a rebound.
6:04 of 3rd period - Derek Roy wins face-off versus Marek Svatos in Blackhawks zone.
6:09 of 3rd period - Snap shot by Marek Svatos.
6:09 of 3rd period - Stopped by Tuukka Rask with a rebound.
6:11 of 3rd period - Snap shot by Thomas Hickey.
6:11 of 3rd period - Stopped by Tuukka Rask without a rebound.
6:12 of 3rd period - Aleksander Barkov wins face-off versus Derek Roy in Blackhawks zone.
6:49 of 3rd period - Snap shot by Eric Tangradi.
6:49 of 3rd period - Stopped by Tuukka Rask with a rebound.
6:51 of 3rd period - Snap shot by Anton Lander.
6:51 of 3rd period - Stopped by Tuukka Rask without a rebound.
6:52 of 3rd period - Aleksander Barkov wins face-off versus James Wright in Blackhawks zone.
6:59 of 3rd period - Wrist shot by Jonathan Huberdeau.
6:59 of 3rd period - Stopped by Tuukka Rask with a rebound.
7:01 of 3rd period - Snap shot by Aleksander Barkov.
7:01 of 3rd period - Shot Blocked by Calvin de Haan.
7:03 of 3rd period - Slapshot by Jonathan Huberdeau.
7:03 of 3rd period - Shot Misses the Net.
7:25 of 3rd period - Slapshot by Calvin de Haan.
7:25 of 3rd period - Deflect By Colby Armstrong.
7:25 of 3rd period - Stopped by Maxime Daigneault without a rebound.
7:26 of 3rd period - Aleksander Barkov wins face-off versus Derek Roy in Devils zone.
7:39 of 3rd period - Derek Roy is hit by Marek Svatos and loses puck.
7:54 of 3rd period - Snap shot by Brett Maclean.
7:54 of 3rd period - Shot Blocked by Aleksander Barkov.
8:10 of 3rd period - Snap shot by Jonathan Huberdeau.
8:10 of 3rd period - Shot Blocked by Brett Maclean.
8:12 of 3rd period - Slapshot by Matt Donovan.
8:12 of 3rd period - Stopped by Tuukka Rask with a rebound.
8:14 of 3rd period - Snap shot by Marek Svatos.
8:14 of 3rd period - Goal by Marek Svatos - Devils : 3 - Blackhawks : 1.
8:15 of 3rd period - Nazem Kadri wins face-off versus Derek Roy in neutral zone.
8:18 of 3rd period - Jakob Silfverberg is hit by Anton Stralman and loses puck.
8:25 of 3rd period - Wrist shot by Tyler Ennis.
8:25 of 3rd period - Shot Misses the Net.
8:51 of 3rd period - Snap shot by Blake Wheeler.
8:51 of 3rd period - Shot Misses the Net.
10:50 of 3rd period - Anton Lander is hit by Jakob Silfverberg and loses puck.
11:06 of 3rd period - Snap shot by Anton Stralman.
11:06 of 3rd period - Shot Misses the Net.
11:58 of 3rd period - Wrist shot by Eric Tangradi.
11:58 of 3rd period - Stopped by Tuukka Rask with a rebound.
12:00 of 3rd period - Slapshot by Matt Donovan.
12:00 of 3rd period - Shot Blocked by Raphael Diaz.
12:18 of 3rd period - Snap shot by Eric Tangradi.
12:18 of 3rd period - Shot Blocked by Raphael Diaz.
12:20 of 3rd period - Minor Penalty to Nick Bonino for Tripping.
12:21 of 3rd period - Derek Roy wins face-off versus Nazem Kadri in Blackhawks zone.
13:21 of 3rd period - Wrist shot by Aleksander Barkov.
13:21 of 3rd period - Stopped by Tuukka Rask with a rebound.
13:23 of 3rd period - Snap shot by Marek Svatos.
13:23 of 3rd period - Goal by Marek Svatos - Devils : 4 - Blackhawks : 1.
13:24 of 3rd period - Jakob Silfverberg wins face-off versus Nazem Kadri in neutral zone.
14:00 of 3rd period - Snap shot by Johnny Gaudreau.
14:00 of 3rd period - Stopped by Maxime Daigneault without a rebound.
14:01 of 3rd period - Aleksander Barkov wins face-off versus Jordan Staal in Devils zone.
14:01 of 3rd period - Aleksander Barkov is hit by Jordan Staal.
15:23 of 3rd period - Wrist shot by Anton Lander.
15:23 of 3rd period - Stopped by Tuukka Rask without a rebound.
15:24 of 3rd period - Derek Roy wins face-off versus Anton Lander in Blackhawks zone.
16:13 of 3rd period - Derek Roy is hit by Thomas Hickey.
16:29 of 3rd period - Wrist shot by Anton Lander.
16:29 of 3rd period - Deflect By Eric Tangradi.
16:29 of 3rd period - Goal by Eric Tangradi - Devils : 5 - Blackhawks : 1.
16:30 of 3rd period - Jordan Staal wins face-off versus Nazem Kadri in neutral zone.
16:32 of 3rd period - Minor Penalty to Radko Gudas for Hooking.
16:33 of 3rd period - Colby Armstrong wins face-off versus Nazem Kadri in Blackhawks zone.
16:51 of 3rd period - Colby Armstrong is hit by Kristopher Letang.
17:45 of 3rd period - Snap shot by Antoine Roussel.
17:45 of 3rd period - Shot Blocked by Marek Svatos.
18:32 of 3rd period - Penalty to Radko Gudas is over, Radko Gudas is back on ice.
18:38 of 3rd period - Icing by Alexander Frolov.
18:39 of 3rd period - James Wright wins face-off versus Jamie Arniel in Blackhawks zone.
18:44 of 3rd period - Brian McGrattan is hit by Radko Gudas.
19:05 of 3rd period - Calvin de Haan is hit by Chris Stewart and loses puck.
19:24 of 3rd period - Slapshot by Nazem Kadri.
19:24 of 3rd period - Stopped by Tuukka Rask without a rebound.
19:25 of 3rd period - Nazem Kadri wins face-off versus Nick Bonino in Blackhawks zone.
Goals for this period are 3 for Devils vs 1 for Blackhawks.
Shots for this period are 17 for Devils vs 6 for Blackhawks.